 Dungeon Crawl Stone Soup version 0.25-a0-578-gc91f01c39c (webtiles) character file.

Game seed: 12996098481307035421, levelgen mode: deterministic

48552 wullow the Blocker (level 14, -2/111 HPs)
             Began as a Demonspawn Berserker on Mar 3, 2020.
             Was a High Priest of Trog.
             Killed from afar by Azrael (38 damage)
             ... with a fireball
             ... on level 13 of the Dungeon.
             The game lasted 00:55:03 (22307 turns).

wullow the Blocker (Demonspawn Berserker)          Turns: 22307, Time: 00:55:04

Health: -2/111     AC: 12    Str: 20    XL:     14   Next: 12%
Magic:  0/18       EV: 14    Int:  8    God:    Trog [*****.]
Gold:   1438       SH: 14    Dex: 25    Spells: 13/13 levels left

rFire    . . .     SeeInvis .   n - +3 short sword (elec)
rCold    + . .     Gourm    .   s - +0 kite shield
rNeg     . . .     Faith    .   b - +2 ring mail {rC+}
rPois    +         Spirit   +   (helmet restricted)
rElec    .         Reflect  .   F - +1 cloak {rPois}
rCorr    .         Harm     .   u - +0 pair of gloves
MR       +++..                  (no boots)
Stlth    +++.......             o - amulet of guardian spirit
HPRegen  0.28/turn              T - ring "Wedyteiq" {MR+ Dex+9}
MPRegen  0.16/turn              U - ring of protection from magic

@: mighty
A: horns 2, foul stench 1, powered by pain 1, rot immunity, sturdy frame 3
a: Berserk, Trog's Hand, Brothers in Arms, Renounce Religion


You were on level 13 of the Dungeon.
You worshipped Trog.
Trog was extremely pleased with you.
You were not hungry.

You visited 3 branches of the dungeon, and saw 20 of its levels.

You collected 1438 gold pieces.

Inventory:

Hand Weapons
 h - the +3 long sword "Tuesk" {vorpal, *Slow rF+++ Dex+6}
   (Trog gifted it to you on level 8 of the Dungeon)

   It inflicts extra damage upon your enemies.
   It affects your dexterity (+6).
   It renders you almost immune to fire.
   It may slow you when you take damage.
 n - a +3 short sword of electrocution (weapon)
 R - a +4 battleaxe of freezing
 W - a +4 rapier
 X - the +10 quick blade of Zadik {antimagic, rPois MR- Stlth+}
   (Trog gifted it to you on level 12 of the Dungeon)

   It reduces the magical energy of the wielder, and disrupts the spells and
   magical abilities of those hit.
   Natural abilities and divine invocations are not affected.
   It protects you from poison.
   It affects your resistance to hostile enchantments.
   It makes you more stealthy.
Missiles
 d - 73 poisoned darts (quivered)
 i - 8 curare-tipped darts
 k - 807 stones
 J - a throwing net
 Y - 34 sling bullets
Armour
 b - a +2 ring mail of cold resistance (worn)
 q - +0 acid dragon scales
 s - a +0 kite shield (worn)
 u - a +0 pair of gloves (worn)
 F - a +1 cloak of poison resistance (worn)
Jewellery
 o - an amulet of guardian spirit (around neck)
 r - an uncursed ring of poison resistance
 t - an uncursed ring of protection from fire
 Q - an uncursed ring of flight
 T - the ring "Wedyteiq" (left hand) {MR+ Dex+9}
   (You found it on level 3 of the Lair of Beasts)

   [ring of protection from magic]

   It affects your dexterity (+9).
   It affects your resistance to hostile enchantments.
 U - a ring of protection from magic (right hand)
Wands
 p - a wand of enslavement (10)
 w - a wand of digging (6)
 y - a wand of iceblast (5)
 B - a wand of scattershot (5)
 L - a wand of acid (11)
 M - a wand of flame (49)
 P - a wand of paralysis (10)
 V - a wand of random effects (11)
Scrolls
 a - 4 scrolls of immolation
 e - a scroll of magic mapping
 f - 5 scrolls of identify
 g - 2 scrolls of fear
 l - 5 scrolls of enchant weapon
 m - 3 scrolls of remove curse
 D - 8 scrolls of teleportation
Potions
 j - 3 potions of might
 x - a potion of mutation
 z - 3 potions of lignification
 A - 4 potions of heal wounds
 C - 9 potions of curing
 E - 2 potions of degeneration
 G - 2 potions of berserk rage
 H - a potion of flight
 I - 2 potions of ambrosia
 K - 3 potions of stabbing
 N - a potion of invisibility {unknown}
 S - 2 potions of cancellation
 Z - 2 potions of haste
Miscellaneous
 O - a fan of gales
Comestibles
 c - 27 rations
 v - 5 chunks of flesh


   Skills:
 + Level 10.6 Fighting
 - Level 12.0 Short Blades
 - Level 3.0 Axes
 + Level 9.4 Armour
 - Level 3.0 Dodging
 - Level 4.0 Stealth
 * Level 12.5 Shields
 + Level 5.5 Evocations


You had 13 spell levels left.
You didn't know any spells.
Your spell library contained the following spells:

 Spells                   Type           Power        Failure   Level  Hunger
 Sandblast                Erth           #.....       52%         1    ##.....
 Summon Small Mammal      Summ           #...         52%         1    ##.....
 Call Imp                 Summ           #.......     65%         2    ###....
 Ensorcelled Hibernation  Hex/Ice        #.....       65%         2    ###....
 Passwall                 Tmut/Erth      #.......     65%         2    ###....
 Sublimation of Blood     Necr           #.........   65%         2    ###....
 Call Canine Familiar     Summ           #.......     87%         3    ####...
 Ignite Poison            Fire/Tmut/Pois #.......     87%         3    ####...
 Stone Arrow              Conj/Erth      #.....       87%         3    ####...
 Summon Guardian Golem    Hex/Summ       #.......     87%         3    ####...
 Petrify                  Tmut/Erth      #.......     99%         4    #####..
 Summon Ice Beast         Ice/Summ       #.......     99%         4    #####..
 Summon Lightning Spire   Summ/Air       #.......     99%         4    #####..
 Alistair's Intoxication  Tmut/Pois      #.......     100%        5    ######.
 Borgnjor's Vile Clutch   Necr/Erth      #.........   100%        5    ######.
 Irradiate                Conj/Tmut      #.........   100%        5    ######.
 Lee's Rapid Deconstruct  Erth           #.........   100%        5    ######.
 Silence                  Hex/Air        #.........   100%        5    ######.
 Darkness                 Hex            #.........   100%        6    #######
 Eringya's Noxious Bog    Tmut/Pois      #.........   100%        6    #######
 Shadow Creatures         Summ           N/A          100%        6    #######


Dungeon Overview and Level Annotations

Branches:
Dungeon (13/15)            Temple (1/1) D:5            Lair (6/6) D:10
  Swamp (0/4) Lair:4        Snake (0/4) Lair:3        Slime (0/5) Lair:5
    Orc (0/2) D:9
 Vaults: D:13-14

Altars:
Ashenzari
Cheibriados
Dithmenos
Elyvilon
Fedhas
Gozag
Hepliaklqana
Kikubaaqudgha
Makhleb
Nemelex Xobeh
Okawaru
Qazlal
Ru
Sif Muna
Trog
Uskayaw
Vehumet
Wu Jian
Xom
Yredelemnul
Zin
The Shining One
Beogh

Shops:
D:9 (   D:12 *

Portals:
Hell: Lair:6

Annotations:
D:13 Azrael
Lair:4 exclusion: oklob plant


Innate Abilities, Weirdness & Mutations

You have a pair of horns on your head.
You may emit foul miasma when damaged in melee.
You sometimes gain a little power by taking damage.
You are immune to rotting.
Your movements are significantly less encumbered by armour. (ER -6)


Message History

You miss the hell hound. You block the hell hound's attack.
Azrael gestures at you.
The bolt of fire hits the hell hound.
The hell hound completely resists.
The bolt of fire hits you! The hell hound bites you!
You block the hell hound's attack. The fire elemental closely misses you.
Azrael is momentarily hidden by a cloud of flames.
Azrael gestures at you.
The bolt of fire hits the hell hound.
The hell hound completely resists.
The bolt of fire hits you!!
You focus on the pain.
You feel mightier all of a sudden. You block the hell hound's attack.
The hell hound breathes flames at you. The blast of flame hits you.
There is a stone staircase leading up here.
Azrael gestures at you.
The fireball explodes!
The fireball engulfs the hell hound.
The hell hound completely resists.
The fireball engulfs the fire elemental.
The fire elemental completely resists.
The fireball engulfs you!!!
You die...

#..<# #...#+################
#....................#
#....................#
#....................#
..#..........†.........#
...###+##############'#######
............E................
...........Eh@...............
..........○.####....)........
..........○# #........#####
.........○.# #........#
.###..R○..# #........#
#.°....# #.)......#
#......####))).[...#
....................#
........................


You could see Azrael, 2 fire elementals and a hell hound.

Vanquished Creatures
  Harold (D:9)
  6 hydras
  A hell beast (Lair:6)
  4 two-headed ogres
  A wizard (Lair:6)
  A deep elf mage (D:13)
  5 ugly things
  Maurice (D:9)
  11 elephants
  4 black mambas
  A torpor snail (Lair:3)
  An eye of devastation (Lair:5)
  A gargoyle (D:10)
  Psyche (D:12)
  2 orange demons (Lair:6)
  A smoke demon (Lair:6)
  2 centaur skeletons
  6 komodo dragons
  A kobold demonologist (D:11)
  5 spiny frogs
  2 ice devils (Lair:6)
  6 rime drakes
  2 red devils (Lair:6)
  2 trolls
  Prince Ribbit (D:6)
  11 blink frogs
  5 dream sheep
  9 hippogriffs
  20 yaks
  Sigmund (D:6)
  A vampire (D:9)
  A wyvern (D:8)
  5 wraiths (D:9)
  The ghost of XanderDroid the Chopper, an amateur MiBe of Trog (D:3)
  Grum (Lair:1)
  2 basilisks
  A hungry ghost (D:12)
  7 vampire mosquitoes
  3 nagas (Lair:3)
  An acid dragon (D:11)
  An insubstantial wisp (Lair:3)
  9 water moccasins
  A soldier ant (D:12)
  5 hell hounds
  8 orc warriors
  9 porcupines
  2 sky beasts (D:9)
  5 phantoms
  3 ice beasts
  A necrophage (D:7)
  4 black bears
  2 eyes of draining
  14 wolves
  4 ogres
  6 centaurs
  13 crocodiles
  3 big kobolds
  Blork the orc (D:6)
  11 bullfrogs
  A gnoll sergeant (D:9)
  11 scorpions
  13 killer bees
  13 wights
  An electric eel (Lair:4)
  2 howler monkeys
  14 crimson imps
  A lava snake (D:8)
  2 centaur zombies
  2 quasits
  6 hounds
  6 jellies
  13 orc wizards
  6 orc priests
  4 bullfrog skeletons
  5 iguanas
  4 worker ants
  A killer bee zombie (D:8)
  A hound zombie (D:5)
  A worker ant zombie (D:11)
  A howler monkey skeleton (D:10)
  3 gnolls (D:9)
  16 adders
  2 shadow imps (D:5)
  6 oozes
  An adder skeleton (D:5)
  A worm (D:5)
  A dart slug (D:2)
  4 leopard geckos
  38 orcs
  3 giant cockroaches
  6 goblins
  11 hobgoblins
  7 jackals
  14 kobolds
  4 quokkas
  3 ball pythons
  A ball python skeleton (D:6)
  8 bats
  A frilled lizard (D:1)
  A jackal skeleton (D:6)
  2 leopard gecko zombies
  11 rats
492 creatures vanquished.

Vanquished Creatures (others)
  A hippogriff (D:8)
  A worker ant (D:8)
  A hound zombie (D:8)
  An adder (D:8)
  13 fungi
  5 plants
22 creatures vanquished.

Grand Total: 514 creatures vanquished

Notes
Turn   | Place    | Note
-------+----------+-------------------------------------------
     0 | D:1      | wullow the Demonspawn Berserker began the quest for the
                  | Orb.
     0 | D:1      | Reached XP level 1. HP: 18/18 MP: 1/1
   627 | D:1      | Gained mutation: Your movements are slightly less
                  | encumbered by armour. (ER -2) [demonic ancestry]
   627 | D:1      | Reached XP level 2. HP: 24/24 MP: 2/2
  1108 | D:2      | Reached XP level 3. HP: 16/29 MP: 3/3
  1112 | D:2      | Reached skill level 1 in Short Blades
  1302 | D:2      | Reached ** piety under Trog
  1388 | D:2      | Found a shadowy altar of Dithmenos.
  1467 | D:2      | Reached XP level 4. HP: 34/36 MP: 4/4
  2020 | D:3      | Gained mutation: You are immune to rotting. [demonic
                  | ancestry]
  2020 | D:3      | Reached XP level 5. HP: 29/42 MP: 5/5
  2252 | D:3      | Reached *** piety under Trog
  2537 | D:3      | Gained mutation: You have a pair of small horns on your
                  | head. [demonic ancestry]
  2537 | D:3      | Reached XP level 6. HP: 47/48 MP: 6/6
  2618 | D:3      | Reached skill level 1 in Shields
  2803 | D:3      | Found a runed translucent door.
  2803 | D:3      | Noticed XanderDroid's ghost (amateur MiBe)
  3144 | D:4      | Gained mutation: You have a pair of horns on your head.
                  | [demonic ancestry]
  3144 | D:4      | Reached XP level 7. HP: 43/55 MP: 7/7
  3229 | D:4      | Reached **** piety under Trog
  3393 | D:4      | Found a white marble altar of Elyvilon.
  3530 | D:5      | Entered Level 5 of the Dungeon
  3753 | D:5      | Found a staircase to the Ecumenical Temple.
  3774 | Temple   | Entered the Ecumenical Temple
  4974 | D:6      | Reached skill level 5 in Fighting
  4974 | D:6      | Gained mutation: You may emit foul miasma when damaged in
                  | melee. [demonic ancestry]
  4974 | D:6      | Reached XP level 8. HP: 41/62 MP: 5/8
  5141 | D:6      | Reached skill level 5 in Short Blades
  5220 | D:6      | Noticed Blork the orc
  5226 | D:6      | Killed Blork the orc
  5333 | D:6      | Noticed Sigmund
  5348 | D:6      | Killed Sigmund
  5470 | D:6      | Noticed Prince Ribbit
  5479 | D:6      | Killed Prince Ribbit
  5479 | D:6      | Reached skill level 5 in Shields
  5727 | D:7      | Gained mutation: Your movements are less encumbered by
                  | armour. (ER -4) [demonic ancestry]
  5727 | D:7      | Reached XP level 9. HP: 43/69 MP: 5/9
  6018 | D:3      | Killed XanderDroid's ghost
  6931 | D:7      | Found a glowing golden altar of the Shining One.
  6962 | D:7      | Reached skill level 5 in Armour
  7099 | D:7      | Found an ancient bone altar of Kikubaaqudgha.
  7154 | D:8      | Reached ***** piety under Trog
  7154 | D:8      | Received a gift from Trog
  7159 | D:8      | Got a brightly glowing long sword {god gift}
  7170 | D:8      | Identified the +3 long sword "Tuesk" {vorpal, *Slow rF+++
                  | Dex+6} (Trog gifted it to you on level 8 of the Dungeon)
  7370 | D:8      | Found a blossoming altar of Fedhas.
  8215 | D:8      | Gained mutation: You sometimes gain a little power by
                  | taking damage. [demonic ancestry]
  8215 | D:8      | Reached XP level 10. HP: 77/77 MP: 10/10
  8606 | D:9      | Noticed Harold
  8618 | D:9      | Killed Harold
  8652 | D:9      | Found the +5 scythe "Finisher" {speed, eviscerate}
  8971 | D:9      | Found a sacrificial altar of Ru.
  8976 | D:9      | Noticed Maurice
  9398 | D:9      | Found Beziza's Antique Weapon Boutique.
  9489 | D:9      | Found a staircase to the Orcish Mines.
  9529 | D:9      | Found a roughly hewn altar of Beogh.
  9547 | D:9      | Received a gift from Trog
 10136 | D:9      | Killed Maurice
 10289 | D:9      | Found Beziza's Antique Weapon Boutique.
 10642 | D:9      | Found a staircase to the Orcish Mines.
 10649 | D:9      | Found a roughly hewn altar of Beogh.
 10772 | D:10     | Entered Level 10 of the Dungeon
 10784 | D:9      | Reached XP level 11. HP: 85/85 MP: 11/11
 10876 | D:10     | Found a burning altar of Makhleb.
 10877 | D:10     | Found a staircase to the Lair.
 11495 | D:10     | Noticed a two-headed ogre
 11511 | D:10     | Killed a two-headed ogre
 11904 | D:11     | Noticed a two-headed ogre
 11935 | D:11     | Killed a two-headed ogre
 12095 | D:11     | Reached skill level 10 in Short Blades
 12116 | D:11     | Noticed a five-headed hydra
 12129 | D:11     | Killed a five-headed hydra
 12304 | D:11     | Noticed a seven-headed hydra
 12314 | D:11     | Killed a seven-headed hydra
 12402 | D:11     | Received a gift from Trog
 12460 | D:11     | Found an iron altar of Okawaru.
 12460 | D:11     | Noticed a white ugly thing
 12473 | D:11     | Noticed a green ugly thing
 12475 | D:11     | Killed a white ugly thing
 12504 | D:11     | Killed a green ugly thing
 12504 | D:11     | Reached skill level 10 in Shields
 12771 | D:11     | Reached XP level 12. HP: 86/94 MP: 10/12
 13006 | D:11     | Noticed a two-headed ogre
 13015 | D:11     | Killed a two-headed ogre
 13152 | Lair:1   | Entered Level 1 of the Lair of Beasts
 13525 | Lair:1   | Noticed Grum
 13532 | Lair:1   | Killed Grum
 15561 | Lair:3   | Reached skill level 1 in Evocations
 15888 | Lair:3   | Noticed an eight-headed hydra
 15897 | Lair:3   | Killed an eight-headed hydra
 15950 | Lair:3   | Found a staircase to the Snake Pit.
 16011 | Lair:3   | Noticed a four-headed hydra
 16018 | Lair:3   | Killed a four-headed hydra
 16196 | Lair:3   | Received a gift from Trog
 16422 | Lair:3   | Got a transparent lead ring
 17019 | Lair:4   | Reached XP level 13. HP: 101/101 MP: 15/15
 17030 | Lair:4   | Got a smoking robe
 17066 | Lair:4   | Found a staircase to the Swamp.
 17557 | Lair:5   | Reached skill level 1 in Stealth
 17588 | Lair:5   | Found a staircase to the Slime Pits.
 17783 | Lair:5   | Identified the ring "Wedyteiq" {MR+ Dex+9} (You found it on
                  | level 3 of the Lair of Beasts)
 17794 | Lair:5   | Identified the +1 robe "Utte" {+Blink rElec Dex-5} (You
                  | found it on level 4 of the Lair of Beasts)
 18234 | Lair:6   | Entered Level 6 of the Lair of Beasts
 19048 | Lair:6   | Reached skill level 10 in Fighting
 19118 | Lair:6   | Received a gift from Trog
 20312 | Lair:6   | Found a burning altar of Makhleb.
 20828 | Lair:6   | Reached skill level 5 in Evocations
 21217 | Lair:6   | Found a gateway to Hell.
 21690 | D:12     | Received a gift from Trog
 21697 | D:12     | Got a polished quick blade {god gift}
 21698 | D:12     | Identified the +10 quick blade of Zadik {antimagic, rPois
                  | MR- Stlth+} (Trog gifted it to you on level 12 of the
                  | Dungeon)
 21740 | D:12     | Noticed Psyche
 21749 | D:12     | Killed Psyche
 21801 | D:12     | Gained mutation: Your movements are significantly less
                  | encumbered by armour. (ER -6) [demonic ancestry]
 21801 | D:12     | Reached XP level 14. HP: 111/111 MP: 17/17
 21913 | D:12     | Found Voor's General Store.
 22296 | D:13     | Noticed Azrael
 22307 | D:13     | Killed from afar by Azrael

Levels and vault maps discovered:
D:1:      giann_forest_graveyard, layout_basic
D:2:      layout_basic, first_ration, bh_chokoban,
          grunt_dithmenos_smoke_and_mirrors
D:3:      layout_loops_ring, ebering_ghost_inner_flame
D:4:      layout_rooms, elyvilon_altar_5
D:5:      layout_layer_cave, minmay_temple_entry_junction,
          minmay_stone_trees_small, serial_bayou_ford_a, chequers_mini_garden,
          chequers_serial_rivers_micro_e
D:6:      layout_rooms, uniq_prince_ribbit1, uniq_sigmund, uniq_blork_the_orc
D:7:      layout_loops_ring, kennysheep_little_box, lemuel_doored_altar
D:8:      layout_basic, overflow_temple_1_default,
          hangedman_little_slice_of_home, chequers_serial_rivers_micro_b,
          kennysheep_path_1, lemuel_flamethrower_2
D:9:      layout_loops_corners, nicolae_ru_path_of_blood,
          minmay_orc_entry_temple_small, serial_shops, shop,
          minmay_guarded_unrand_finisher, uniq_maurice, uniq_harold
D:10:     layout_basic, due_lair_maze_entry_diamond, basic_altar
D:11:     layout_rooms, okawaru_ov_weapons_minmay
D:12:     layout_loops_ring, serial_shops, shop, uniq_psyche
D:13:     layout_stronghold, erik_vaults_1, uniq_azrael, uniq_erolcha
Temple:   nicolae_temple_x_marks_the_god
Lair:1:   layout_misc_corridors, chequers_serial_rivers_micro_a,
          lemuel_old_faithful, grunt_megastairs_1, uniq_grum
Lair:2:   dpeg_oklob_shooting_range, layout_small_grid, serial_bayou_shore_a
Lair:3:   layout_loops_ring, guppyfry_snake_entry_garden, pond
Lair:4:   wander_river, layout_big_grid, swamp_mist_pool, grunt_megastairs_3,
          lemuel_fruit_fields
Lair:5:   layout_hall_layers, minmay_slime_entry_eyes, serial_bayou_pond_d,
          lemuel_fruit_tree
Lair:6:   evil_forest, layout_small_grid, serial_bayou_pond_a

Skill      XL: |  1  2  3  4  5  6  7  8  9 10 11 12 13 |
---------------+----------------------------------------+-----
Dodging        | 2 3 |  3.0
Armour         | 2 3 4 5 6 7 8 9 |  9.4
Axes           | 3 |  3.0
Short Blades   | 2 3 4 6 7 9 10 11 12 | 12.0
Fighting       | 4 5 6 7 8 9 10 | 10.6
Shields        | 2 3 5 6 8 10 11 12 | 12.5
Evocations     | 3 5 |  5.5
Stealth        | 4 |  4.0

Action                   |  1- 3 |  4- 6 |  7- 9 | 10-12 | 13-15 || total
-------------------------+-------+-------+-------+-------+-------++-------
Melee: Hand axe          |    30 |       |       |       |       ||    30
       Short sword       |    42 |   157 |   339 |   824 |   571 ||  1933
       Headbutt          |       |    17 |    61 |   187 |   185 ||   450
       Unarmed           |       |       |       |     8 |       ||     8
       Long sword        |       |       |       |     4 |     5 ||     9
Throw: Dart              |       |       |     1 |     2 |     7 ||    10
Invok: Berserk           |       |       |     2 |     7 |     1 ||    10
       Trog's Hand       |       |       |       |     1 |     1 ||     2
  Use: Scroll            |       |       |    11 |    13 |     5 ||    29
       Potion            |       |       |       |       |     1 ||     1
 Stab: Sleeping          |     1 |     2 |       |       |     4 ||     7
  Eat: Chunk             |     2 |     5 |    14 |    25 |     9 ||    55
       Ration            |       |       |     1 |     3 |     3 ||     7
Armor: Animal skin       |     8 |       |       |       |       ||     8
       Leather armour    |     9 |     2 |       |       |       ||    11
       Ring mail         |       |    35 |    17 |       |   110 ||   162
       Plate armour      |       |       |    66 |   269 |     4 ||   339
       Skin              |       |       |       |     1 |       ||     1
Dodge: Dodged            |    41 |    47 |    70 |   178 |   182 ||   518
Block: Kite shield       |       |    51 |   120 |   393 |   315 ||   879

Table legend:
 A = Non-vault XP
 B = Vault XP
 C = Vault XP percentage of total XP
 D = Non-vault monster count
 E = Vault monster count
 F = Vault count percentage of total count
                 A         B        C        D         E       F
            +---------+---------+-------+---------+---------+-------
      Total |   50592 |   18768 |  27.1 |     407 |      85 |  17.3
            +---------+---------+-------+---------+---------+-------
        D:1 |      26 |       0 |   0.0 |      17 |       0 |   0.0
        D:2 |     125 |       0 |   0.0 |      21 |       0 |   0.0
        D:3 |     372 |     246 |  39.8 |      38 |       2 |   5.0
        D:4 |     279 |       0 |   0.0 |      10 |       0 |   0.0
        D:5 |     489 |       0 |   0.0 |      13 |       0 |   0.0
        D:6 |     845 |     577 |  40.6 |      20 |       3 |  13.0
        D:7 |    1140 |       0 |   0.0 |      20 |       0 |   0.0
        D:8 |    1581 |     159 |   9.1 |      28 |       8 |  22.2
        D:9 |    2627 |    2813 |  51.7 |      29 |      15 |  34.1
       D:10 |    3699 |    1105 |  23.0 |      32 |      10 |  23.8
       D:11 |    7142 |       0 |   0.0 |      38 |       0 |   0.0
       D:12 |    4392 |     410 |   8.5 |      33 |       1 |   2.9
       D:13 |    2136 |     156 |   6.8 |       8 |       1 |  11.1
     Lair:1 |     903 |    1524 |  62.8 |       8 |       9 |  52.9
     Lair:2 |     996 |       0 |   0.0 |       6 |       0 |   0.0
     Lair:3 |    8764 |    1189 |  11.9 |      31 |       7 |  18.4
     Lair:4 |    2168 |     145 |   6.3 |      13 |       1 |   7.1
     Lair:5 |    2029 |    1032 |  33.7 |       8 |       3 |  27.3
     Lair:6 |   10879 |    9412 |  46.4 |      34 |      25 |  42.4
            +---------+---------+-------+---------+---------+-------
